Penguins vs Hurricanes

Created - 10 janvier 2018 at 18:00

Goals
1 2 3 T
Penguins 1 1 0 2
Hurricanes 3 2 0 5
Shots
1 2 3 T
Penguins 8 10 7 25
Hurricanes 15 19 7 41

1st period

1. Penguins , David Savard 3 (Sebastian Aho 14, Vladimir Tarasenko 26) at 2:12
2. Hurricanes , Lee Stempniak 11 (Patrick Wiercioch 6, Leo Komarov 16) at 9:31 (PP)
3. Hurricanes , Dustin Byfuglien 7 (Brad Richardson 9, Keith Yandle 17) at 16:33
4. Hurricanes , Nick Foligno 15 (Brad Richardson 10, Brett Pesce 17) at 19:06

Penalties :
David Savard (PIT) for Slashing (Minor) at 9:10, Dustin Byfuglien (CAR) for Hooking (Minor) at 18:42, Luke Glendening (PIT) for Hooking (Minor) at 18:42

2nd period

5. Penguins , Evgeni Malkin 17 (Nikita Kucherov 23) at 5:31
6. Hurricanes , Derek Ryan 7 (Bryan Little 22, Dustin Byfuglien 21) at 7:23 (PP)
7. Hurricanes , Nick Foligno 16 (Bryan Little 23, Derek Ryan 11) at 11:53 (PP)

Penalties :
David Savard (PIT) for Goalie Interference (Minor) at 6:05, Sebastian Aho (PIT) for Hooking (Minor) at 10:28, Luke Glendening (PIT) for Hooking (Minor) at 16:01

3rd period

No Goal

Penalties :
Mark Giordano (PIT) for Interference (Minor) at 1:01, Dustin Byfuglien (CAR) for Goalie Interference (Minor) at 18:49

Goalie Stats

Ben Bishop (PIT), 19 saves from 24 shots - (0.792), L, 29-6-3, 31:53 minutes
Connor Hellebuyck (PIT), 17 saves from 17 shots - (1.000), 28:07 minutes
Frederik Andersen (CAR), 23 saves from 25 shots - (0.920), W, 25-14-4, 60:00 minutes

Players Stats for Penguins

Player Name              G  A  P  +/- PIM S  H  SB GA TA FO     MP     PP MP  PK MP  
------------------------------------------------------------------------------------
Adrian Kempe             0  0  0   0  0   0  0  0  0  0  0/0     7:45   0:15   1:24 
Alexander Wennberg       0  0  0  -1  0   1  2  0  0  0  0/0    13:31   0:00   0:00 
Christian Dvorak         0  0  0  -1  0   1  1  0  0  0  0/0    17:41   0:00   4:10 
David Savard             1  0  1   1  4   2  1  2  0  0  0/0    21:34   0:15   2:54 
Evgeni Malkin            1  0  1   0  0   4  0  0  0  0  14/29  19:43   0:15   2:29 
Kevin Labanc             0  0  0   0  0   0  0  0  0  0  0/0     6:06   0:00   0:00 
Luke Glendening          0  0  0   0  4   0  4  0  0  0  7/16    8:47   0:00   2:43 
Mark Barberio            0  0  0  -1  0   0  2  0  0  0  0/0    13:26   0:00   0:00 
Mark Giordano            0  0  0   0  2   0  2  3  0  0  0/0    23:25   0:55   2:36 
Nathan MacKinnon         0  0  0   1  0   2  3  0  0  0  12/26  17:35   0:55   1:28 
Nikita Kucherov          0  1  1   0  0   6  0  0  0  0  1/1    17:14   0:15   0:00 
Olli Maatta              0  0  0  -1  0   0  2  1  0  0  0/0    15:59   0:00   3:37 
Phil Kessel              0  0  0   1  0   2  1  0  0  0  0/0    15:55   0:55   0:00 
Ryan Ellis               0  0  0   1  0   1  1  2  0  0  0/0    22:07   0:15   3:25 
Ryan Suter               0  0  0   0  0   0  1  3  0  0  0/0    23:26   0:55   1:32 
Sebastian Aho            0  1  1   1  2   2  1  0  0  0  0/1    15:11   0:00   0:00 
Tyler Johnson            0  0  0  -1  0   1  1  0  0  0  8/16   15:21   0:00   1:50 
Vladimir Tarasenko       0  1  1   1  0   3  0  0  0  0  0/1    16:07   0:55   0:00 

Players Stats for Hurricanes

Player Name              G  A  P  +/- PIM S  H  SB GA TA FO     MP     PP MP  PK MP  
------------------------------------------------------------------------------------
Alex Chiasson            0  0  0   0  0   1  3  0  0  0  1/2    12:17   0:00   0:00 
Brad Richardson          0  2  2   1  0   3  0  1  0  0  5/7    15:13   0:00   0:29 
Brett Pesce              0  1  1   0  0   2  1  2  0  0  0/0    19:13   2:57   0:41 
Brian Dumoulin           0  0  0  -1  0   1  0  1  0  0  0/0    14:43   0:00   0:29 
Brian Strait             0  0  0   0  0   0  0  0  0  0  0/0     0:21   0:00   0:00 
Bryan Little             0  2  2  -1  0   5  0  0  0  0  6/8    24:06   3:40   0:00 
Carl Hagelin             0  0  0  -1  0   1  1  0  0  0  5/18   14:05   0:00   0:04 
Derek Ryan               1  1  2   0  0   1  0  0  0  0  13/23  16:47   3:40   0:33 
Dustin Byfuglien         1  1  2   1  4   4  3  4  0  0  0/0    24:44   4:05   0:00 
Jon Merrill              0  0  0  -1  0   1  1  1  0  0  0/0    15:32   0:00   0:00 
Keith Yandle             0  1  1   1  0   3  0  2  0  0  0/0    26:32   4:05   0:45 
Lee Stempniak            1  0  1   0  0   6  0  0  0  0  1/2    19:30   3:22   0:00 
Leo Komarov              0  1  1   0  0   3  2  1  0  0  15/27  19:30   3:22   0:08 
Marcus Foligno           0  0  0   0  0   0  1  0  0  0  1/2     7:44   0:00   0:00 
Nick Foligno             2  0  2   0  0   8  2  2  0  0  0/0    20:28   3:40   1:01 
Patrick Wiercioch        0  1  1   0  0   1  4  0  0  0  0/0    18:53   2:57   0:25 
Tom Pyatt                0  0  0   0  0   0  0  1  0  0  1/1     7:44   0:00   0:00 
Zach Parise              0  0  0   0  0   1  1  0  0  0  0/0    19:27   3:22   0:05 

3 Stars

1 - Nick Foligno (CAR)
2 - Dustin Byfuglien (CAR)
3 - Derek Ryan (CAR)

Power Play

Penguins - 0 on 1 Attempt(s) - 0.00%
Hurricanes - 3 on 5 Attempt(s) - 60.00%

Penalty Kill

Penguins - 2 on 5 Attempt(s) - 40.00% - Score 0 goal in Penalty Kill
Hurricanes - 1 on 1 Attempt(s) - 100.00% - Score 0 goal in Penalty Kill

Team Stat

Penguins - Hits : 22 - Faceoff Wins : 42 - Blocked Shots : 11 - Penalty Minutes : 12
Hurricanes - Hits : 19 - Faceoff Wins : 48 - Blocked Shots : 15 - Penalty Minutes : 4

Official

Referees : Dave Jackson and Francis Charron
Linesman : John Grandt and Scott Cherrey

Game Notes

Connor Hellebuyck enters game at 11:53 of 2nd period

Finance

Level 1 -- Attendance: 5199 (86.65%) -- Ticket Income 613 482 $
Level 2 -- Attendance: 4919 (98.38%) -- Ticket Income 368 925 $
Level 3 -- Attendance: 3000 (85.71%) -- Ticket Income 144 000 $
Level 4 -- Attendance: 3005 (94.50%) -- Ticket Income 90 150 $
Luxury Box -- Attendance: 979 (97.90%) -- Ticket Income 206 569 $
Game was played at the PNC Arena.
Total Attendance: 17102 (91.55%)
Total Ticket Income: 1 423 126 $
Other Income: 213 469 $
Total Income: 1 636 595 $

% Time on Ice - Penguins

Lines # - Real PCT - Wanted PCT - Time Play
Normal Forward
1 - 30% - 32% - 15:00
2 - 31% - 32% - 15:12
3 - 27% - 26% - 13:31
4 - 12% - 10% - 6:06
Normal Defense
1 - 40% - 41% - 19:55
2 - 36% - 41% - 17:56
3 - 24% - 18% - 11:58
4 - 0% - 0% - 0:00
PP Forward
1 - 21% - 60% - 0:15
2 - 79% - 40% - 0:55
PP Defense
1 - 79% - 60% - 0:55
2 - 21% - 40% - 0:15
PK Forward
1 - 79% - 60% - 5:34
2 - 21% - 40% - 1:28
PK Defense
1 - 61% - 60% - 4:19
2 - 39% - 40% - 2:43
PK3 Forward
1 - 0% - 60%
2 - 0% - 40%
PK3 Defense
1 - 0% - 60%
2 - 0% - 40%
44 Forward
1 - 100% - 60% - 1:59
2 - 0% - 40% - 0:00
44 Defense
1 - 74% - 60% - 1:28
2 - 26% - 40% - 0:31
Last Minute Offensive  - 0:00
Last Minute Defensive  - 0:00
Total
Forward - 60:00
Defense - 60:00

% Time on Ice - Hurricanes

Lines # - Real PCT - Wanted PCT - Time Play
Normal Forward
1 - 28% - 40% - 14:01
2 - 32% - 30% - 15:47
3 - 25% - 20% - 12:17
4 - 16% - 10% - 7:44
Normal Defense
1 - 38% - 40% - 19:03
2 - 30% - 30% - 14:58
3 - 28% - 20% - 14:10
4 - 3% - 10% - 1:38
PP Forward
1 - 52% - 60% - 3:40
2 - 48% - 40% - 3:22
PP Defense
1 - 58% - 60% - 4:05
2 - 42% - 40% - 2:57
PK Forward
1 - 93% - 60% - 1:05
2 - 7% - 40% - 0:05
PK Defense
1 - 64% - 60% - 0:45
2 - 36% - 40% - 0:25
PK3 Forward
1 - 0% - 60%
2 - 0% - 40%
PK3 Defense
1 - 0% - 60%
2 - 0% - 40%
44 Forward
1 - 89% - 60% - 1:46
2 - 11% - 40% - 0:13
44 Defense
1 - 69% - 60% - 1:22
2 - 31% - 40% - 0:37
Last Minute Offensive  - 0:00
Last Minute Defensive  - 0:00
Total
Forward - 60:00
Defense - 60:00

Play by Play

1st period


0:01 of 1st period - Carl Hagelin wins face-off versus Evgeni Malkin in neutral zone.
0:06 of 1st period - Shot by Nick Foligno.
0:06 of 1st period - Shot Blocked by Mark Giordano.
0:21 of 1st period - Icing by Keith Yandle.
0:22 of 1st period - Nathan MacKinnon wins face-off versus Carl Hagelin in Hurricanes zone.
0:25 of 1st period - Shot by Sebastian Aho.
0:25 of 1st period - Stopped by Frederik Andersen with a rebound.
0:28 of 1st period - Icing by Dustin Byfuglien.
0:29 of 1st period - Tyler Johnson wins face-off versus Carl Hagelin in Hurricanes zone.
1:42 of 1st period - Icing by Sebastian Aho.
1:43 of 1st period - Alex Chiasson wins face-off versus Nathan MacKinnon in Penguins zone.
1:49 of 1st period - Icing by Ryan Ellis.
1:50 of 1st period - Leo Komarov wins face-off versus Sebastian Aho in Penguins zone.
2:02 of 1st period - Icing by Ryan Ellis.
2:03 of 1st period - Nathan MacKinnon wins face-off versus Alex Chiasson in Penguins zone.
2:10 of 1st period - Shot by Vladimir Tarasenko.
2:10 of 1st period - Deflect By Sebastian Aho.
2:10 of 1st period - Shot Misses the Net.
2:12 of 1st period - Shot by David Savard.
2:12 of 1st period - Goal by David Savard - Penguins : 1 - Hurricanes : 0.
2:13 of 1st period - Nikita Kucherov wins face-off versus Leo Komarov in neutral zone.
2:31 of 1st period - Evgeni Malkin is hit by Patrick Wiercioch and loses puck.
2:36 of 1st period - Shot by Evgeni Malkin.
2:36 of 1st period - Stopped by Frederik Andersen without a rebound.
2:37 of 1st period - Brad Richardson wins face-off versus Luke Glendening in Hurricanes zone.
2:37 of 1st period - Brad Richardson is hit by Luke Glendening.
2:45 of 1st period - Shot by Brad Richardson.
2:45 of 1st period - Stopped by Ben Bishop without a rebound.
2:46 of 1st period - Bryan Little wins face-off versus Tyler Johnson in Penguins zone.
3:26 of 1st period - Brian Dumoulin is hit by Alexander Wennberg and loses puck.
3:52 of 1st period - Icing by Patrick Wiercioch.
3:53 of 1st period - Luke Glendening wins face-off versus Leo Komarov in Hurricanes zone.
4:08 of 1st period - Shot by Lee Stempniak.
4:08 of 1st period - Shot Misses the Net.
4:22 of 1st period - Brett Pesce is hit by Luke Glendening and loses puck.
5:45 of 1st period - Shot by Nick Foligno.
5:45 of 1st period - Shot Misses the Net.
5:47 of 1st period - Shot by Brian Dumoulin.
5:47 of 1st period - Stopped by Ben Bishop without a rebound.
5:48 of 1st period - Bryan Little wins face-off versus Evgeni Malkin in Penguins zone.
6:09 of 1st period - Shot by Bryan Little.
6:09 of 1st period - Shot Misses the Net.
6:24 of 1st period - Shot by Nikita Kucherov.
6:24 of 1st period - Shot Blocked by Tom Pyatt.
6:44 of 1st period - Shot by Lee Stempniak.
6:44 of 1st period - Shot Misses the Net.
6:46 of 1st period - Shot by Leo Komarov.
6:46 of 1st period - Stopped by Ben Bishop without a rebound.
6:47 of 1st period - Brad Richardson wins face-off versus Tyler Johnson in Penguins zone.
7:15 of 1st period - Alex Chiasson is hit by Olli Maatta and loses puck.
7:20 of 1st period - Shot by Alex Chiasson.
7:20 of 1st period - Shot Hit the Post.
7:27 of 1st period - Icing by Tyler Johnson.
7:28 of 1st period - Leo Komarov wins face-off versus Tyler Johnson in Penguins zone.
7:34 of 1st period - Zach Parise is hit by Mark Barberio and loses puck.
7:49 of 1st period - Shot by Leo Komarov.
7:49 of 1st period - Stopped by Ben Bishop without a rebound.
7:50 of 1st period - Nathan MacKinnon wins face-off versus Carl Hagelin in Penguins zone.
7:50 of 1st period - Nathan MacKinnon is hit by Nick Foligno.
8:02 of 1st period - Icing by Dustin Byfuglien.
8:03 of 1st period - Evgeni Malkin wins face-off versus Carl Hagelin in Hurricanes zone.
8:08 of 1st period - Shot by Phil Kessel.
8:08 of 1st period - Shot Misses the Net.
8:16 of 1st period - Shot by Nikita Kucherov.
8:16 of 1st period - Stopped by Frederik Andersen with a rebound.
8:18 of 1st period - Shot by David Savard.
8:18 of 1st period - Stopped by Frederik Andersen without a rebound.
8:19 of 1st period - Nathan MacKinnon wins face-off versus Leo Komarov in Hurricanes zone.
8:22 of 1st period - Shot by Sebastian Aho.
8:22 of 1st period - Shot Blocked by Brett Pesce.
8:46 of 1st period - Shot by Sebastian Aho.
8:46 of 1st period - Stopped by Frederik Andersen without a rebound.
8:47 of 1st period - Evgeni Malkin wins face-off versus Carl Hagelin in Hurricanes zone.
8:53 of 1st period - Icing by Dustin Byfuglien.
8:54 of 1st period - Carl Hagelin wins face-off versus Evgeni Malkin in Hurricanes zone.
9:10 of 1st period - Minor Penalty to David Savard for Slashing.
9:11 of 1st period - Luke Glendening wins face-off versus Leo Komarov in Penguins zone.
9:27 of 1st period - Shot by Leo Komarov.
9:27 of 1st period - Deflect By Lee Stempniak.
9:27 of 1st period - Shot Misses the Net.
9:29 of 1st period - Shot by Patrick Wiercioch.
9:29 of 1st period - Shot Blocked by Ryan Suter.
9:31 of 1st period - Shot by Patrick Wiercioch.
9:31 of 1st period - Deflect By Lee Stempniak.
9:31 of 1st period - Goal by Lee Stempniak - Penguins : 1 - Hurricanes : 1.
9:32 of 1st period - Carl Hagelin wins face-off versus Nathan MacKinnon in neutral zone.
10:20 of 1st period - Icing by Ryan Suter.
10:21 of 1st period - Nathan MacKinnon wins face-off versus Derek Ryan in Penguins zone.
10:28 of 1st period - Patrick Wiercioch is hit by Nathan MacKinnon and loses puck.
10:38 of 1st period - Brett Pesce is hit by Mark Giordano.
11:14 of 1st period - David Savard is hit by Leo Komarov and loses puck.
11:34 of 1st period - Shot by Lee Stempniak.
11:34 of 1st period - Stopped by Ben Bishop without a rebound.
11:35 of 1st period - Tyler Johnson wins face-off versus Carl Hagelin in Penguins zone.
11:40 of 1st period - Keith Yandle is hit by Christian Dvorak and loses puck.
11:48 of 1st period - Dustin Byfuglien is hit by Mark Barberio and loses puck.
11:55 of 1st period - Shot by Nick Foligno.
11:55 of 1st period - Stopped by Ben Bishop without a rebound.
11:56 of 1st period - Tom Pyatt wins face-off versus Luke Glendening in Penguins zone.
13:17 of 1st period - Shot by Lee Stempniak.
13:17 of 1st period - Stopped by Ben Bishop without a rebound.
13:18 of 1st period - Derek Ryan wins face-off versus Tyler Johnson in Penguins zone.
13:19 of 1st period - Shot by Brett Pesce.
13:19 of 1st period - Stopped by Ben Bishop without a rebound.
13:20 of 1st period - Tyler Johnson wins face-off versus Derek Ryan in Penguins zone.
13:34 of 1st period - Tyler Johnson is hit by Alex Chiasson.
13:44 of 1st period - Shot by Brad Richardson.
13:44 of 1st period - Shot Misses the Net.
13:46 of 1st period - Shot by Brett Pesce.
13:46 of 1st period - Shot Blocked by Mark Giordano.
14:24 of 1st period - Shot by Nick Foligno.
14:24 of 1st period - Shot Misses the Net.
14:28 of 1st period - Shot by Nick Foligno.
14:28 of 1st period - Deflect By Bryan Little.
14:28 of 1st period - Shot Blocked by Ryan Suter.
14:30 of 1st period - Shot by Carl Hagelin.
14:30 of 1st period - Deflect By Bryan Little.
14:30 of 1st period - Shot Misses the Net.
14:32 of 1st period - Shot by Keith Yandle.
14:32 of 1st period - Stopped by Ben Bishop with a rebound.
14:34 of 1st period - Shot by Carl Hagelin.
14:34 of 1st period - Stopped by Ben Bishop with a rebound.
15:06 of 1st period - Shot by Zach Parise.
15:06 of 1st period - Shot Misses the Net.
15:40 of 1st period - Shot by Bryan Little.
15:40 of 1st period - Shot Blocked by Mark Giordano.
15:42 of 1st period - Shot by Marcus Foligno.
15:42 of 1st period - Shot Misses the Net.
16:09 of 1st period - Icing by Mark Giordano.
16:10 of 1st period - Tyler Johnson wins face-off versus Derek Ryan in Penguins zone.
16:21 of 1st period - Shot by Brad Richardson.
16:21 of 1st period - Stopped by Ben Bishop with a rebound.
16:31 of 1st period - Shot by Brad Richardson.
16:31 of 1st period - Shot Misses the Net.
16:33 of 1st period - Shot by Dustin Byfuglien.
16:33 of 1st period - Goal by Dustin Byfuglien - Penguins : 1 - Hurricanes : 2.
16:34 of 1st period - Evgeni Malkin wins face-off versus Leo Komarov in neutral zone.
16:57 of 1st period - Shot by Phil Kessel.
16:57 of 1st period - Stopped by Frederik Andersen with a rebound.
18:12 of 1st period - Shot by Ryan Ellis.
18:12 of 1st period - Stopped by Frederik Andersen without a rebound.
18:13 of 1st period - Luke Glendening wins face-off versus Carl Hagelin in Hurricanes zone.
18:31 of 1st period - Icing by Ryan Ellis.
18:32 of 1st period - Bryan Little wins face-off versus Luke Glendening in Penguins zone.
18:42 of 1st period - Minor Penalty to Dustin Byfuglien for Hooking.
18:42 of 1st period - Minor Penalty to Luke Glendening for Hooking.
18:43 of 1st period - Brad Richardson wins face-off versus Evgeni Malkin in Hurricanes zone.
19:06 of 1st period - Shot by Nick Foligno.
19:06 of 1st period - Goal by Nick Foligno - Penguins : 1 - Hurricanes : 3.
19:07 of 1st period - Evgeni Malkin wins face-off versus Brad Richardson in neutral zone.
19:16 of 1st period - Nick Foligno is hit by Ryan Ellis and loses puck.
19:25 of 1st period - Shot by Nick Foligno.
19:25 of 1st period - Stopped by Ben Bishop without a rebound.
19:26 of 1st period - Evgeni Malkin wins face-off versus Brad Richardson in Penguins zone.
19:52 of 1st period - Shot by Brad Richardson.
19:52 of 1st period - Shot Misses the Net.
Goals for this period are 1 for Penguins vs 3 for Hurricanes.
Shots for this period are 8 for Penguins vs 15 for Hurricanes.

2nd period


0:01 of 2nd period - Brad Richardson wins face-off versus Evgeni Malkin in neutral zone.
0:13 of 2nd period - Shot by Nikita Kucherov.
0:13 of 2nd period - Stopped by Frederik Andersen with a rebound.
0:15 of 2nd period - Shot by Mark Barberio.
0:15 of 2nd period - Shot Blocked by Brad Richardson.
0:21 of 2nd period - Shot by Evgeni Malkin.
0:21 of 2nd period - Shot Blocked by Nick Foligno.
0:25 of 2nd period - Shot by Evgeni Malkin.
0:25 of 2nd period - Shot Blocked by Keith Yandle.
0:27 of 2nd period - Shot by Nikita Kucherov.
0:27 of 2nd period - Deflect By Evgeni Malkin.
0:27 of 2nd period - Shot Misses the Net.
0:29 of 2nd period - Shot by Nikita Kucherov.
0:29 of 2nd period - Stopped by Frederik Andersen without a rebound.
0:30 of 2nd period - Evgeni Malkin wins face-off versus Leo Komarov in Hurricanes zone.
0:36 of 2nd period - Nikita Kucherov is hit by Brett Pesce and loses puck.
0:46 of 2nd period - Sebastian Aho is hit by Dustin Byfuglien and loses puck.
0:54 of 2nd period - Sebastian Aho is hit by Dustin Byfuglien and loses puck.
1:11 of 2nd period - Shot by Vladimir Tarasenko.
1:11 of 2nd period - Stopped by Frederik Andersen without a rebound.
1:12 of 2nd period - Leo Komarov wins face-off versus Luke Glendening in Hurricanes zone.
1:12 of 2nd period - Leo Komarov is hit by Luke Glendening.
2:08 of 2nd period - Shot by Nick Foligno.
2:08 of 2nd period - Shot Misses the Net.
2:20 of 2nd period - Shot by Nick Foligno.
2:20 of 2nd period - Stopped by Ben Bishop without a rebound.
2:21 of 2nd period - Derek Ryan wins face-off versus Evgeni Malkin in Penguins zone.
2:38 of 2nd period - Ryan Suter is hit by Alex Chiasson and loses puck.
3:26 of 2nd period - Shot by Nick Foligno.
3:26 of 2nd period - Shot Hit the Post.
3:33 of 2nd period - Carl Hagelin is hit by Mark Giordano and loses puck.
3:36 of 2nd period - Shot by Jon Merrill.
3:36 of 2nd period - Stopped by Ben Bishop without a rebound.
3:37 of 2nd period - Leo Komarov wins face-off versus Nathan MacKinnon in Penguins zone.
3:56 of 2nd period - Shot by Zach Parise.
3:56 of 2nd period - Stopped by Ben Bishop without a rebound.
3:57 of 2nd period - Tyler Johnson wins face-off versus Carl Hagelin in Penguins zone.
3:57 of 2nd period - Tyler Johnson is hit by Carl Hagelin.
4:49 of 2nd period - Icing by Keith Yandle.
4:50 of 2nd period - Leo Komarov wins face-off versus Nathan MacKinnon in Hurricanes zone.
5:00 of 2nd period - Leo Komarov is hit by Olli Maatta and loses puck.
5:12 of 2nd period - Icing by Keith Yandle.
5:13 of 2nd period - Leo Komarov wins face-off versus Evgeni Malkin in Hurricanes zone.
5:18 of 2nd period - Shot by Lee Stempniak.
5:18 of 2nd period - Shot Blocked by Ryan Suter.
5:21 of 2nd period - Icing by Ryan Suter.
5:22 of 2nd period - Evgeni Malkin wins face-off versus Carl Hagelin in Penguins zone.
5:29 of 2nd period - Shot by Evgeni Malkin.
5:29 of 2nd period - Stopped by Frederik Andersen with a rebound.
5:31 of 2nd period - Shot by Evgeni Malkin.
5:31 of 2nd period - Goal by Evgeni Malkin - Penguins : 2 - Hurricanes : 3.
5:32 of 2nd period - Derek Ryan wins face-off versus Nathan MacKinnon in neutral zone.
5:55 of 2nd period - Derek Ryan is hit by Nathan MacKinnon and loses puck.
6:00 of 2nd period - Shot by Brad Richardson.
6:00 of 2nd period - Shot Blocked by David Savard.
6:05 of 2nd period - Minor Penalty to David Savard for Goalie Interference.
6:06 of 2nd period - Leo Komarov wins face-off versus Luke Glendening in Penguins zone.
6:56 of 2nd period - Mark Giordano is hit by Nick Foligno and loses puck.
7:01 of 2nd period - Shot by Nick Foligno.
7:01 of 2nd period - Stopped by Ben Bishop with a rebound.
7:03 of 2nd period - Shot by Keith Yandle.
7:03 of 2nd period - Stopped by Ben Bishop without a rebound.
7:04 of 2nd period - Derek Ryan wins face-off versus Evgeni Malkin in Penguins zone.
7:21 of 2nd period - Shot by Bryan Little.
7:21 of 2nd period - Stopped by Ben Bishop with a rebound.
7:23 of 2nd period - Shot by Derek Ryan.
7:23 of 2nd period - Goal by Derek Ryan - Penguins : 2 - Hurricanes : 4.
7:24 of 2nd period - Nathan MacKinnon wins face-off versus Bryan Little in neutral zone.
7:30 of 2nd period - Icing by Brian Dumoulin.
7:31 of 2nd period - Marcus Foligno wins face-off versus Evgeni Malkin in Hurricanes zone.
7:51 of 2nd period - Icing by Mark Barberio.
7:52 of 2nd period - Evgeni Malkin wins face-off versus Lee Stempniak in Penguins zone.
8:31 of 2nd period - Shot by Leo Komarov.
8:31 of 2nd period - Shot Misses the Net.
8:52 of 2nd period - Off-side.
8:53 of 2nd period - Nathan MacKinnon wins face-off versus Carl Hagelin in neutral zone.
9:09 of 2nd period - Shot by Vladimir Tarasenko.
9:09 of 2nd period - Stopped by Frederik Andersen without a rebound.
9:10 of 2nd period - Derek Ryan wins face-off versus Tyler Johnson in Hurricanes zone.
9:10 of 2nd period - Derek Ryan is hit by Tyler Johnson.
9:41 of 2nd period - Brad Richardson is hit by Ryan Suter and loses puck.
9:48 of 2nd period - Patrick Wiercioch is hit by Alexander Wennberg and loses puck.
10:28 of 2nd period - Minor Penalty to Sebastian Aho for Hooking.
10:29 of 2nd period - Luke Glendening wins face-off versus Leo Komarov in Penguins zone.
11:35 of 2nd period - Shot by Bryan Little.
11:35 of 2nd period - Shot Misses the Net.
11:37 of 2nd period - Shot by Derek Ryan.
11:37 of 2nd period - Shot Blocked by Ryan Ellis.
11:39 of 2nd period - Shot by Brett Pesce.
11:39 of 2nd period - Deflect By Bryan Little.
11:39 of 2nd period - Shot Misses the Net.
11:41 of 2nd period - Shot by Patrick Wiercioch.
11:41 of 2nd period - Stopped by Ben Bishop without a rebound.
11:42 of 2nd period - Derek Ryan wins face-off versus Nathan MacKinnon in Penguins zone.
11:51 of 2nd period - Shot by Nick Foligno.
11:51 of 2nd period - Shot Misses the Net.
11:53 of 2nd period - Shot by Nick Foligno.
11:53 of 2nd period - Goal by Nick Foligno - Penguins : 2 - Hurricanes : 5.
11:53 of 2nd period - Connor Hellebuyck enters game.
11:54 of 2nd period - Bryan Little wins face-off versus Nathan MacKinnon in neutral zone.
11:59 of 2nd period - Ryan Suter is hit by Marcus Foligno and loses puck.
12:04 of 2nd period - Shot by Bryan Little.
12:04 of 2nd period - Stopped by Connor Hellebuyck without a rebound.
12:05 of 2nd period - Carl Hagelin wins face-off versus Evgeni Malkin in Penguins zone.
12:14 of 2nd period - Shot by Nick Foligno.
12:14 of 2nd period - Deflect By Bryan Little.
12:14 of 2nd period - Stopped by Connor Hellebuyck with a rebound.
12:16 of 2nd period - Shot by Nick Foligno.
12:16 of 2nd period - Stopped by Connor Hellebuyck with a rebound.
12:18 of 2nd period - Shot by Jon Merrill.
12:18 of 2nd period - Shot Misses the Net.
12:24 of 2nd period - Shot by Bryan Little.
12:24 of 2nd period - Stopped by Connor Hellebuyck without a rebound.
12:25 of 2nd period - Lee Stempniak wins face-off versus Nathan MacKinnon in Penguins zone.
12:47 of 2nd period - Shot by Vladimir Tarasenko.
12:47 of 2nd period - Shot Blocked by Dustin Byfuglien.
12:49 of 2nd period - Shot by Olli Maatta.
12:49 of 2nd period - Shot Misses the Net.
12:51 of 2nd period - Shot by Olli Maatta.
12:51 of 2nd period - Shot Blocked by Dustin Byfuglien.
12:53 of 2nd period - Shot by Vladimir Tarasenko.
12:53 of 2nd period - Deflect By Nathan MacKinnon.
12:53 of 2nd period - Shot Misses the Net.
13:36 of 2nd period - Shot by Evgeni Malkin.
13:36 of 2nd period - Stopped by Frederik Andersen without a rebound.
13:37 of 2nd period - Tyler Johnson wins face-off versus Carl Hagelin in Hurricanes zone.
13:43 of 2nd period - Christian Dvorak is hit by Patrick Wiercioch and loses puck.
14:31 of 2nd period - Shot by Brad Richardson.
14:31 of 2nd period - Deflect By Derek Ryan.
14:31 of 2nd period - Shot Misses the Net.
14:43 of 2nd period - Shot by Alex Chiasson.
14:43 of 2nd period - Stopped by Connor Hellebuyck without a rebound.
14:44 of 2nd period - Bryan Little wins face-off versus Evgeni Malkin in Penguins zone.
14:45 of 2nd period - Shot by Tom Pyatt.
14:45 of 2nd period - Shot Blocked by Ryan Ellis.
15:12 of 2nd period - Shot by Nikita Kucherov.
15:12 of 2nd period - Stopped by Frederik Andersen without a rebound.
15:13 of 2nd period - Nathan MacKinnon wins face-off versus Derek Ryan in Hurricanes zone.
15:34 of 2nd period - Shot by Nathan MacKinnon.
15:34 of 2nd period - Stopped by Frederik Andersen without a rebound.
15:35 of 2nd period - Luke Glendening wins face-off versus Leo Komarov in Hurricanes zone.
16:01 of 2nd period - Minor Penalty to Luke Glendening for Hooking.
16:02 of 2nd period - Evgeni Malkin wins face-off versus Derek Ryan in Penguins zone.
16:17 of 2nd period - Shot by Christian Dvorak.
16:17 of 2nd period - Shot Misses the Net.
16:19 of 2nd period - Shot by Christian Dvorak.
16:19 of 2nd period - Stopped by Frederik Andersen with a rebound.
16:28 of 2nd period - Icing by Derek Ryan.
16:29 of 2nd period - Evgeni Malkin wins face-off versus Derek Ryan in Hurricanes zone.
17:45 of 2nd period - Shot by Leo Komarov.
17:45 of 2nd period - Shot Misses the Net.
17:47 of 2nd period - Shot by Brett Pesce.
17:47 of 2nd period - Shot Misses the Net.
17:49 of 2nd period - Shot by Brett Pesce.
17:49 of 2nd period - Stopped by Connor Hellebuyck without a rebound.
17:50 of 2nd period - Leo Komarov wins face-off versus Evgeni Malkin in Penguins zone.
17:51 of 2nd period - Shot by Lee Stempniak.
17:51 of 2nd period - Stopped by Connor Hellebuyck without a rebound.
17:52 of 2nd period - Evgeni Malkin wins face-off versus Leo Komarov in Penguins zone.
18:01 of 2nd period - Shot by Lee Stempniak.
18:01 of 2nd period - Stopped by Connor Hellebuyck without a rebound.
18:02 of 2nd period - Bryan Little wins face-off versus Nathan MacKinnon in Penguins zone.
18:07 of 2nd period - Shot by Bryan Little.
18:07 of 2nd period - Stopped by Connor Hellebuyck without a rebound.
18:08 of 2nd period - Leo Komarov wins face-off versus Nathan MacKinnon in Penguins zone.
18:13 of 2nd period - Shot by Leo Komarov.
18:13 of 2nd period - Shot Misses the Net.
18:45 of 2nd period - Shot by Ryan Ellis.
18:45 of 2nd period - Shot Misses the Net.
18:47 of 2nd period - Shot by Sebastian Aho.
18:47 of 2nd period - Shot Blocked by Leo Komarov.
18:49 of 2nd period - Shot by Sebastian Aho.
18:49 of 2nd period - Shot Misses the Net.
19:53 of 2nd period - Icing by Mark Barberio.
19:54 of 2nd period - Derek Ryan wins face-off versus Tyler Johnson in Penguins zone.
19:57 of 2nd period - Shot by Brad Richardson.
19:57 of 2nd period - Stopped by Connor Hellebuyck without a rebound.
19:58 of 2nd period - Derek Ryan wins face-off versus Luke Glendening in Penguins zone.
Goals for this period are 1 for Penguins vs 2 for Hurricanes.
Shots for this period are 10 for Penguins vs 19 for Hurricanes.

3rd period


0:01 of 3rd period - Evgeni Malkin wins face-off versus Carl Hagelin in neutral zone.
0:03 of 3rd period - Nikita Kucherov is hit by Dustin Byfuglien and loses puck.
0:28 of 3rd period - Shot by Nikita Kucherov.
0:28 of 3rd period - Stopped by Frederik Andersen without a rebound.
0:29 of 3rd period - Nathan MacKinnon wins face-off versus Leo Komarov in Hurricanes zone.
0:34 of 3rd period - Shot by Vladimir Tarasenko.
0:34 of 3rd period - Stopped by Frederik Andersen without a rebound.
0:35 of 3rd period - Leo Komarov wins face-off versus Vladimir Tarasenko in Hurricanes zone.
0:35 of 3rd period - Leo Komarov is hit by Sebastian Aho.
1:01 of 3rd period - Shot by Lee Stempniak.
1:01 of 3rd period - Stopped by Connor Hellebuyck without a rebound.
1:01 of 3rd period - Minor Penalty to Mark Giordano for Interference.
1:02 of 3rd period - Derek Ryan wins face-off versus Luke Glendening in Penguins zone.
1:32 of 3rd period - Shot by Keith Yandle.
1:32 of 3rd period - Stopped by Connor Hellebuyck with a rebound.
1:34 of 3rd period - Shot by Dustin Byfuglien.
1:34 of 3rd period - Stopped by Connor Hellebuyck with a rebound.
2:23 of 3rd period - Shot by Lee Stempniak.
2:23 of 3rd period - Shot Misses the Net.
2:44 of 3rd period - Shot by Dustin Byfuglien.
2:44 of 3rd period - Shot Misses the Net.
2:46 of 3rd period - Shot by Dustin Byfuglien.
2:46 of 3rd period - Shot Misses the Net.
2:48 of 3rd period - Shot by Dustin Byfuglien.
2:48 of 3rd period - Shot Misses the Net.
2:50 of 3rd period - Shot by Bryan Little.
2:50 of 3rd period - Shot Blocked by Olli Maatta.
2:52 of 3rd period - Shot by Dustin Byfuglien.
2:52 of 3rd period - Stopped by Connor Hellebuyck with a rebound.
2:54 of 3rd period - Shot by Dustin Byfuglien.
2:54 of 3rd period - Shot Blocked by David Savard.
2:56 of 3rd period - Shot by Dustin Byfuglien.
2:56 of 3rd period - Stopped by Connor Hellebuyck without a rebound.
2:57 of 3rd period - Leo Komarov wins face-off versus Luke Glendening in Penguins zone.
3:48 of 3rd period - Evgeni Malkin is hit by Zach Parise and loses puck.
5:23 of 3rd period - Off-side.
5:24 of 3rd period - Tyler Johnson wins face-off versus Derek Ryan in neutral zone.
5:44 of 3rd period - Christian Dvorak is hit by Alex Chiasson and loses puck.
6:23 of 3rd period - Off-side.
6:24 of 3rd period - Luke Glendening wins face-off versus Marcus Foligno in neutral zone.
6:56 of 3rd period - Bryan Little is hit by Luke Glendening and loses puck.
7:25 of 3rd period - Carl Hagelin is hit by Nathan MacKinnon and loses puck.
7:32 of 3rd period - Shot by Nick Foligno.
7:32 of 3rd period - Stopped by Connor Hellebuyck without a rebound.
7:33 of 3rd period - Leo Komarov wins face-off versus Evgeni Malkin in Penguins zone.
7:36 of 3rd period - Shot by Zach Parise.
7:36 of 3rd period - Deflect By Leo Komarov.
7:36 of 3rd period - Stopped by Connor Hellebuyck without a rebound.
7:37 of 3rd period - Evgeni Malkin wins face-off versus Derek Ryan in Penguins zone.
7:54 of 3rd period - Shot by Evgeni Malkin.
7:54 of 3rd period - Shot Blocked by Brett Pesce.
8:46 of 3rd period - Icing by Brett Pesce.
8:47 of 3rd period - Derek Ryan wins face-off versus Tyler Johnson in Hurricanes zone.
9:12 of 3rd period - Icing by Brett Pesce.
9:13 of 3rd period - Nathan MacKinnon wins face-off versus Derek Ryan in Hurricanes zone.
10:12 of 3rd period - Shot by Phil Kessel.
10:12 of 3rd period - Shot Misses the Net.
10:20 of 3rd period - Shot by Mark Giordano.
10:20 of 3rd period - Shot Misses the Net.
10:22 of 3rd period - Shot by Evgeni Malkin.
10:22 of 3rd period - Deflect By Nikita Kucherov.
10:22 of 3rd period - Shot Misses the Net.
10:24 of 3rd period - Shot by Phil Kessel.
10:24 of 3rd period - Shot Blocked by Dustin Byfuglien.
10:26 of 3rd period - Shot by Phil Kessel.
10:26 of 3rd period - Stopped by Frederik Andersen without a rebound.
10:27 of 3rd period - Leo Komarov wins face-off versus Tyler Johnson in Hurricanes zone.
10:42 of 3rd period - Shot by Tyler Johnson.
10:42 of 3rd period - Deflect By Alexander Wennberg.
10:42 of 3rd period - Shot Misses the Net.
10:47 of 3rd period - Christian Dvorak is hit by Jon Merrill and loses puck.
10:52 of 3rd period - Shot by Alexander Wennberg.
10:52 of 3rd period - Stopped by Frederik Andersen without a rebound.
10:53 of 3rd period - Luke Glendening wins face-off versus Bryan Little in Hurricanes zone.
11:31 of 3rd period - Icing by Mark Giordano.
11:32 of 3rd period - Leo Komarov wins face-off versus Luke Glendening in Penguins zone.
11:54 of 3rd period - Off-side.
11:55 of 3rd period - Carl Hagelin wins face-off versus Nathan MacKinnon in neutral zone.
12:25 of 3rd period - Nick Foligno is hit by David Savard and loses puck.
12:55 of 3rd period - Shot by Nikita Kucherov.
12:55 of 3rd period - Shot Misses the Net.
12:59 of 3rd period - Shot by Nikita Kucherov.
12:59 of 3rd period - Deflect By Phil Kessel.
12:59 of 3rd period - Shot Blocked by Nick Foligno.
13:03 of 3rd period - Shot by Evgeni Malkin.
13:03 of 3rd period - Shot Misses the Net.
13:30 of 3rd period - Icing by Dustin Byfuglien.
13:31 of 3rd period - Tyler Johnson wins face-off versus Carl Hagelin in Hurricanes zone.
13:32 of 3rd period - Shot by Christian Dvorak.
13:32 of 3rd period - Shot Misses the Net.
13:34 of 3rd period - Shot by Mark Giordano.
13:34 of 3rd period - Shot Blocked by Dustin Byfuglien.
14:13 of 3rd period - Shot by Tyler Johnson.
14:13 of 3rd period - Stopped by Frederik Andersen without a rebound.
14:14 of 3rd period - Nathan MacKinnon wins face-off versus Leo Komarov in Hurricanes zone.
14:14 of 3rd period - Ryan Ellis is hit by Patrick Wiercioch and loses puck.
14:35 of 3rd period - Icing by Brett Pesce.
14:36 of 3rd period - Evgeni Malkin wins face-off versus Leo Komarov in Hurricanes zone.
14:36 of 3rd period - Nikita Kucherov is hit by Patrick Wiercioch.
14:54 of 3rd period - Shot by Nikita Kucherov.
14:54 of 3rd period - Stopped by Frederik Andersen without a rebound.
14:55 of 3rd period - Brad Richardson wins face-off versus Nathan MacKinnon in Hurricanes zone.
15:18 of 3rd period - Shot by Vladimir Tarasenko.
15:18 of 3rd period - Shot Blocked by Brian Dumoulin.
15:20 of 3rd period - Shot by Ryan Ellis.
15:20 of 3rd period - Shot Blocked by Jon Merrill.
15:22 of 3rd period - Shot by Vladimir Tarasenko.
15:22 of 3rd period - Deflect By Nathan MacKinnon.
15:22 of 3rd period - Stopped by Frederik Andersen without a rebound.
15:23 of 3rd period - Leo Komarov wins face-off versus Evgeni Malkin in Hurricanes zone.
15:28 of 3rd period - Shot by Leo Komarov.
15:28 of 3rd period - Shot Misses the Net.
15:30 of 3rd period - Shot by Leo Komarov.
15:30 of 3rd period - Shot Misses the Net.
15:32 of 3rd period - Shot by Zach Parise.
15:32 of 3rd period - Shot Misses the Net.
16:11 of 3rd period - Icing by Brad Richardson.
16:12 of 3rd period - Derek Ryan wins face-off versus Nathan MacKinnon in Hurricanes zone.
17:47 of 3rd period - Olli Maatta is hit by Leo Komarov and loses puck.
18:49 of 3rd period - Minor Penalty to Dustin Byfuglien for Goalie Interference.
18:50 of 3rd period - Derek Ryan wins face-off versus Nathan MacKinnon in Hurricanes zone.
18:50 of 3rd period - Derek Ryan is hit by Phil Kessel.
18:57 of 3rd period - Icing by Nathan MacKinnon.
18:58 of 3rd period - Nathan MacKinnon wins face-off versus Derek Ryan in Penguins zone.
19:22 of 3rd period - Shot by Vladimir Tarasenko.
19:22 of 3rd period - Shot Misses the Net.
19:24 of 3rd period - Shot by Ryan Suter.
19:24 of 3rd period - Shot Misses the Net.
19:26 of 3rd period - Shot by Ryan Suter.
19:26 of 3rd period - Shot Misses the Net.
19:28 of 3rd period - Shot by Ryan Suter.
19:28 of 3rd period - Shot Blocked by Keith Yandle.
19:44 of 3rd period - Off-side.
19:45 of 3rd period - Derek Ryan wins face-off versus Evgeni Malkin in neutral zone.
Goals for this period are 0 for Penguins vs 0 for Hurricanes.
Shots for this period are 7 for Penguins vs 7 for Hurricanes.